 Dungeon Crawl Stone Soup version 0.17-a0-2055-gb4e23be (webtiles) character file.

3752 Ijustatesigmund the Transmogrifier (level 10, -3/58 HPs)
             Began as an Octopode Transmuter on Oct 11, 2015.
             Slain by an ogre
             ... wielding a +0 giant club
              (29 damage)
             ... on level 9 of the Dungeon.
             The game lasted 00:54:06 (11349 turns).

Ijustatesigmund the Transmogrifier (OpTm)          Turns: 11349, Time: 00:54:07

Health: -3/58      AC:  3    Str: 12    XL:     10   Next: 15%
Magic:  14/16      EV: 14    Int: 20    God:
Gold:   310        SH:  0    Dex: 12    Spells: 3 memorised, 9 levels left

rFire  + . .     SeeInvis .     p - +0 short sword (elec)
rCold  . . .     Clarity  .     (no shield)
rNeg   . . .     SustAt   .     (helmet restricted)
rPois  .         Gourm    .     d - amulet of resist corrosion
rElec  +         Spirit   .     g - +2 ring of protection
rCorr  +         Warding  .     u - ring of flight
rMut   .         Stasis   .     m - ring "Daubin" {+Blink rElec Str+3}
MR     .....                    w - ring of protection from fire
Stlth  +++++.....               (no ring)
                                (no ring)
                                (no ring)
                                (no ring)

@: lethally poisoned (-3 -> -17), not resistant to hostile enchantments, quite
stealthy
A: almost no armour, amphibious, 8 rings, constrict 8, camouflage 1, gelatinous
body 1
a: Evoke Blink, Evoke Flight


You were on level 9 of the Dungeon.
You were not hungry.

You visited 1 branch of the dungeon, and saw 9 of its levels.
You also visited: Sewer.

You collected 310 gold pieces.

Inventory:

Hand Weapons
 f - a +0 hunting sling
 i - a +0 long sword of holy wrath
 p - a +0 short sword of electrocution (weapon)
Missiles
 h - 169 stones (quivered)
 q - 17 arrows
Jewellery
 d - an amulet of resist corrosion (around mantle)
 g - a +2 ring of protection (left tentacle)
 m - the ring "Daubin" (on tentacle) {+Blink rElec Str+3}
   (You took it off an orc priest on level 4 of the Dungeon)

   [ring of strength]

   It affects your strength (+3).
   It insulates you from electricity.
   It lets you blink.
 u - a ring of flight (right tentacle)
 w - a ring of protection from fire (on tentacle)
Wands
 o - a wand of paralysis (9)
 x - a wand of heal wounds (3)
Scrolls
 j - 6 scrolls of identify
 r - a scroll of recharging {unknown}
 s - 2 scrolls of fog
 v - a scroll of enchant armour
Potions
 a - 2 potions of curing
 e - a potion of agility
 k - 4 potions of flight
 l - a potion of heal wounds
Books
 b - a book of Changes

   Spells                             Type                      Level
   a - Beastly Appendage              Transmutation                1
   b - Sticks to Snakes               Transmutation                2
   c - Spider Form                    Transmutation/Poison         3
   d - Ice Form                       Ice/Transmutation            4
   e - Blade Hands                    Transmutation                5
Comestibles
 c - 2 bread rations
 n - 6 chunks of flesh
 t - 3 meat rations


   Skills:
 - Level 1.0 Fighting
 - Level 4.1 Short Blades
 + Level 4.8 Dodging
 - Level 8.0 Stealth
 - Level 3.0 Unarmed Combat
 - Level 4.2 Spellcasting
 + Level 8.8 Transmutations
 - Level 7.0 Evocations


You had 9 spell levels left.
You knew the following spells:

 Your Spells              Type           Power        Failure   Level  Hunger
a - Beastly Appendage     Trmt           #####.       1%          1    None
b - Sticks to Snakes      Trmt           #####.....   1%          2    #......
c - Blade Hands           Trmt           #####.....   12%         5    ######.


Dungeon Overview and Level Annotations

Branches:
Dungeon (9/15)
 Temple: D:4-7         Lair: D:8-11         Orc: D:9-12

Altars:
Dithmenos
Fedhas
Gozag
Ru
Vehumet
Xom
Yredelemnul

Annotations:
D:6 exclusion: statue


Innate Abilities, Weirdness & Mutations

You cannot wear most types of armour.
You are amphibious.
You can wear up to eight rings at the same time.
You can use your tentacles to constrict eight enemies at once.
Your skin changes colour to match your surroundings (Stealth).
Your rubbery body absorbs attacks (AC +1).


Message History

Casting: Sticks to Snakes
Confirm with . or Enter, or press ? or * to list all spells.
You create a snake!
You constrict the worker ant.
You feel sick. The worker ant misses you.
You hit the worker ant but do no damage.
There is a sudden explosion of sparks!
You kill the worker ant!
You feel sick.
Your adder barely misses the ogre.
You hit the ogre. You squeeze the ogre.
The ogre is moderately wounded.
You feel sick.
Your adder closely misses the ogre.
The ogre barely misses you.
You barely miss the ogre. You squeeze the ogre.
The ogre is heavily wounded.
You feel sick.
Your adder bites the ogre.
The ogre is poisoned.
Your adder poisons the ogre!
You barely miss the ogre.
The ogre is heavily wounded.
You feel sick. The ogre hits you with a giant club!!
Ouch! That really hurt!
You die...

#...##.......(.#
#.#.##.........#
#.#.##.........#
#.#.##.........#
#.#............# .
#.####........># ..#
#)# #.........# #..#
#.####.........#...###
##.<....#######@....>..
#...##### #O..###..
#..## .S.## ..... ##...
.#.### ..... ... ..#..#
.## ####.. # #.#


You could see an ogre and a friendly adder.

Vanquished Creatures
  Pikel (D:7)
  The ghost of Loris the Firebug, a novice HEFE (D:6)
  A two-headed ogre (D:9)
  A water moccasin (D:7)
  A slave (D:7)
  2 orc warriors (D:7)
  2 black bears
  2 necrophages (D:6)
  A sky beast (D:7)
  2 ogres
  A phantom (D:6)
  A gnoll sergeant (D:6)
  A wyvern zombie (D:8)
  4 giant frogs
  2 scorpions (D:4)
  A killer bee (D:7)
  3 crimson imps
  2 jellies
  6 orc priests
  A giant frog skeleton (D:4)
  6 hounds
  2 iguanas
  7 worker ants
  3 orc wizards
  2 hound skeletons (D:5)
  4 river rats (Sewer)
  11 adders
  3 gnolls (D:6)
  3 shadow imps
  2 oozes
  2 adder zombies
  2 worms
  12 orcs
  4 giant cockroaches
  7 goblins
  8 hobgoblins
  2 quokkas
  2 ball pythons
  8 bats
  6 giant geckos
  7 giant newts
  5 jackals
  A jackal zombie (D:7)
  12 kobolds
  A quokka skeleton (D:4)
  6 rats
164 creatures vanquished.

Vanquished Creatures (collateral kills)
  5 ogres
  2 killer bees (D:7)
  2 iguanas
  A hound (D:4)
  A jelly (D:5)
  A giant frog skeleton (D:6)
  2 worker ants
  A gnoll (D:6)
  2 adders (D:2)
  2 orcs
  3 kobolds (D:2)
22 creatures vanquished.

Vanquished Creatures (others)
  A slave (D:7)
  A killer bee (D:7)
  An adder (D:7)
3 creatures vanquished.

Grand Total: 189 creatures vanquished

Notes
Turn   | Place    | Note
--------------------------------------------------------------
     0 | D:1      | Ijustatesigmund the Octopode Transmuter began the quest for the Orb.
     0 | D:1      | Reached XP level 1. HP: 13/13 MP: 3/3
   225 | D:1      | Reached skill level 1 in Stealth
   458 | D:1      | Reached XP level 2. HP: 13/18 MP: 5/5
   462 | D:1      | Learned a level 2 spell: Sticks to Snakes
  1217 | D:2      | Reached XP level 3. HP: 23/23 MP: 6/6
  1373 | D:2      | Reached skill level 1 in Short Blades
  2026 | D:2      | Reached XP level 4. HP: 28/28 MP: 7/7
  2739 | D:3      | Found a glowing drain.
  2745 | Sewer    | Entered a sewer
  2745 | Sewer    | Noticed graki42's ghost (amateur OpTm)
  2759 | Sewer    | Reached skill level 4 in Stealth
  2805 | Sewer    | Noticed a big kobold
  2984 | Sewer    | Reached XP level 5. HP: 12/33 MP: 8/8
  3229 | Sewer    | Found a white marble altar of Elyvilon.
  3662 | D:3      | Found a basalt altar of Yredelemnul.
  4086 | D:4      | Reached skill level 5 in Stealth
  4096 | D:4      | Noticed an ogre
  4111 | D:4      | Killed an ogre
  4111 | D:4      | Reached XP level 6. HP: 34/38 MP: 4/9
  4150 | D:4      | Found an opulent altar of Gozag.
  4508 | D:4      | Reached skill level 6 in Stealth
  4643 | D:5      | Entered Level 5 of the Dungeon
  4753 | D:5      | Found a shadowy altar of Dithmenos.
  4902 | D:5      | Reached XP level 7. HP: 43/43 MP: 10/10
  5752 | D:4      | Noticed an ogre
  5768 | D:4      | Killed an ogre
  5768 | D:4      | Reached skill level 5 in Transmutations
  5790 | D:4      | Got a translucent lead ring
  5791 | D:4      | Identified the ring "Daubin" {+Blink rElec Str+3} (You took it off an orc priest on level 4 of the Dungeon)
  5865 | D:4      | Found a blossoming altar of Fedhas.
  5865 | D:4      | Found a shimmering altar of Xom.
  6314 | D:4      | Reached XP level 8. HP: 41/48 MP: 11/11
  6321 | D:4      | Learned a level 5 spell: Blade Hands
  6409 | D:5      | Reached skill level 7 in Transmutations
  6935 | D:6      | Found a radiant altar of Vehumet.
  7047 | D:6      | Reached skill level 8 in Transmutations
  7084 | D:6      | Noticed Loris's ghost (novice HEFE)
  7672 | D:6      | Reached skill level 1 in Evocations
  7974 | D:6      | Reached XP level 9. HP: 47/53 MP: 12/12
  8347 | D:5      | Reached skill level 5 in Evocations
  9054 | D:7      | Found a sacrificial altar of Ru.
  9071 | D:7      | Noticed Pikel
  9135 | D:7      | Killed Pikel
 10167 | D:6      | Killed Loris's ghost
 11201 | D:8      | Reached XP level 10. HP: 55/58 MP: 15/15
 11349 | D:9      | Slain by an ogre

Vault maps used:
D:1:      saegor_arrival_simple_a
D:3:      lemuel_crystal_altar, gup_sewer_entry_pipe, minivault_25
D:4:      lemuel_crystal_altar, gammafunk_temple_overflow_pools,
          kennysheep_generic_room_7
D:5:      lemuel_round_altar, first_bread
D:6:      vehumet_statue
D:7:      kennysheep_mini, minmay_temple_entry_poolview, uniq_pikel
D:9:      uniq_erica
Sewer:    sewer_kobolds

Action                   |  1- 3 |  4- 6 |  7- 9 | 10-12 || total
-------------------------+-------+-------+-------+-------++-------
Melee: Unarmed           |    24 |       |       |       ||    24
       Dagger            |    66 |   173 |    36 |       ||   275
       Short sword       |       |       |   205 |    24 ||   229
Throw: Stone             |       |    18 |    19 |       ||    37
 Cast: Sticks to Snakes  |    10 |    21 |    54 |     1 ||    86
       Beastly Appendage |       |     2 |     2 |       ||     4
Evoke: Wand              |       |       |     2 |     1 ||     3
  Use: Scroll            |     8 |    10 |     8 |       ||    26
       Potion            |       |     6 |     4 |     1 ||    11
 Stab: Sleeping          |    11 |    12 |    11 |       ||    34
       Distracted        |       |       |     4 |     2 ||     6
  Eat: Chunk             |     3 |     4 |     6 |     1 ||    14
       Meat ration       |       |     1 |       |       ||     1
       Fruit             |       |     1 |       |       ||     1
       Bread ration      |       |     1 |     2 |       ||     3
       Royal jelly       |       |       |     2 |       ||     2
       Beef jerky        |       |       |     1 |       ||     1
